 Dungeon Crawl Stone Soup version 0.20.1-1-g8b1a95d (webtiles) character file.

60 Kingsmith the Conjurer (level 3, 0/24 HPs)
             Began as a Mummy Conjurer on Dec 6, 2017.
             Slain by a worm (9 damage)
             ... on level 2 of the Dungeon.
             The game lasted 00:03:29 (1347 turns).

Kingsmith the Conjurer (Mummy Conjurer)             Turns: 1347, Time: 00:03:29

Health: 0/24       AC:  5    Str: 11    XL:     3   Next: 80%
Magic:  7/7        EV: 12    Int: 15    God:
Gold:   56         SH:  0    Dex: 12    Spells: 1/7 levels left

rFire    x . .     SeeInvis .   e - +0 hand axe
rCold    + . .     Gourm    .   (no shield)
rNeg     + + +     Faith    .   a - +0 robe
rPois    ∞         Spirit   .   l - +2 helmet
rElec    .         Reflect  .   (no cloak)
rCorr    .         Harm     .   (no gloves)
MR       .....                  (no boots)
Stlth    ++........             (no amulet)
Regen    0.1/turn               (no ring)
MPRegen  0.1/turn               (no ring)

@: no status effects
A: no food or potions, fire vulnerability, cold resistance 1, negative energy
resistance 3, torment resistance, unbreathing
a: no special abilities


You were on level 2 of the Dungeon.
You were not hungry.

You visited 1 branch of the dungeon, and saw 2 of its levels.

You collected 56 gold pieces.

Inventory:

Hand Weapons
 e - a +0 hand axe (weapon)
Armour
 a - a +0 robe (worn)
 l - a +2 helmet (worn)
Scrolls
 c - 2 scrolls of fog {unknown}
 d - a scroll of amnesia {unknown}
 f - a scroll of immolation {unknown}
 g - a scroll of teleportation {unknown}
 h - a scroll of random uselessness {unknown}
 i - a scroll of enchant weapon {unknown}
 j - a scroll of identify {unknown}
 k - a scroll of noise {unknown}
Books
 b - a book of Conjurations

   Spells                             Type                      Level
   a - Magic Dart                     Conjuration                  1
   b - Searing Ray                    Conjuration                  2
   c - Dazzling Spray                 Conjuration/Hexes            3
   d - Fulminant Prism                Conjuration/Hexes            4
   e - Force Lance                    Conjuration/Translocation    4
   f - Iskenderun's Mystic Blast      Conjuration                  4


   Skills:
 - Level 1.5 Dodging
 - Level 1.5 Stealth
 - Level 2.6 Spellcasting
 + Level 4.5 Conjurations


You had one spell level left.
You knew the following spells:

 Your Spells              Type           Power        Failure   Level  Hunger
a - Magic Dart            Conj           ###.         3%          1    N/A
b - Searing Ray           Conj           ###...       4%          2    N/A
c - Dazzling Spray        Conj/Hex       #.....       24%         3    N/A

Dungeon Overview and Level Annotations

Branches:
Dungeon (2/15)

Altars:


Innate Abilities, Weirdness & Mutations

You do not eat or drink.
Your flesh is vulnerable to fire.
You are immune to poison.
Your flesh is cold resistant. (rC+)
You are immune to negative energy. (rN+++)
You are immune to unholy pain and torment.
You can survive without breathing.


Message History

You hit the worm.
The worm is heavily wounded.
The bat barely misses you. The worm bites you but does no damage.
You hit the worm.
The worm is heavily wounded.
The bat hits you but does no damage.
You hit the worm.
The worm is severely wounded.
You closely miss the bat. The bat barely misses you.
The worm barely misses you.
You hit the worm.
The worm is severely wounded.
You hit the bat but do no damage. The bat closely misses you.
The worm bites you!
You are too injured to fight recklessly!
You are too injured to fight recklessly!
You are too injured to fight recklessly!
You are too injured to fight recklessly!
The bat closely misses you. The worm bites you!
You die...

............'....†....
#####...#####....[####
#.).# #####.# #.).#
#.# #...# #.# ####.(.#
#.# #.....## #.#
#.....###### #.#
+...@....... ...
#..wb.###### #.....#
#.....# #######


You could see a worm and a bat.

Vanquished Creatures
  2 oozes (D:1)
  2 worms (D:2)
  2 dart slugs (D:1)
  2 leopard geckos
  2 ball pythons
  3 giant cockroaches (D:1)
  3 goblins
  A hobgoblin (D:2)
  4 jackals (D:2)
  4 kobolds (D:1)
  5 bats
  2 frilled lizards (D:1)
  7 rats
39 creatures vanquished.

Notes
Turn   | Place    | Note
-------+----------+-------------------------------------------
     0 | D:1      | Kingsmith the Mummy Conjurer began the quest for the Orb.
     0 | D:1      | Reached XP level 1. HP: 13/13 MP: 4/4
   429 | D:1      | Reached XP level 2. HP: 19/19 MP: 0/5
   493 | D:1      | Reached skill level 4 in Conjurations
   571 | D:1      | Reached XP level 3. HP: 24/24 MP: 7/7
   929 | D:2      | Learned a level 2 spell: Searing Ray
   933 | D:2      | Learned a level 3 spell: Dazzling Spray
  1347 | D:2      | Slain by a worm

Skill      XL: |  1  2 |
---------------+-------+-----
Conjurations   | 4 |  4.5
Dodging        | |  1.5
Stealth        | |  1.5
Spellcasting   | |  2.6

Action                   || total
-------------------------++-------
Melee: Unarmed           ||     3
       Hand axe          ||    85
 Cast: Magic Dart        ||    30
 Stab: Sleeping          ||     3
Armor: Robe              ||    28
Dodge: Dodged            ||    79
